 Dungeon Crawl Stone Soup version 0.29-a0-563-g64e4043184 (webtiles) character file.

Game seed: 6551980380575854210

17682 porpoise the Spear-Bearer (level 12, -3/102 HPs)
             Began as a Demonspawn Fighter on June 9, 2022.
             Was a Follower of Yredelemnul.
             Killed from afar by a rime drake (23 damage)
             ... with a flash freeze
             ... on level 2 of the Lair of Beasts on June 11, 2022.
             The game lasted 01:03:35 (15795 turns).

porpoise the Spear-Bearer (Demonspawn Fighter)     Turns: 15795, Time: 01:03:42

Health: -3/102     AC: 14    Str: 20    XL:     12   Next: 21%
Magic:  15/16      EV: 21    Int: 11    God:    Yredelemnul [*.....]
Gold:   378        SH:  5    Dex: 13    Spells: 5/11 levels left

rFire   . . .      SeeInvis .   a - +1 trident
rCold   . . .      Faith    +   c - +0 buckler
rNeg    + . .      Spirit   .   j - +0 swamp dragon scales
rPois   +          Reflect  .   (helmet restricted)
rElec   .          Harm     .   D - +0 cloak
rCorr   .          Rampage  .   f - +0 pair of gloves
Will    .....                   x - +0 pair of boots
Stlth   +.........              k - amulet of faith
HPRegen 0.27/turn               h - +4 ring of evasion
MPRegen 0.15/turn               A - ring of positive energy

@: mighty, agile
A: horns 1, powered by pain 2, spiny 1, sharp scales 2
a: Renounce Religion, Recall Undead Harvest


You were on level 2 of the Lair of Beasts.
You worshipped Yredelemnul.
Yredelemnul was noncommittal.
You visited 3 branches of the dungeon, and saw 13 of its levels.

You collected 914 gold pieces.
You spent 536 gold pieces at shops.

Inventory:

Hand Weapons
 a - a +1 trident (weapon)
 b - a +0 hunting sling
 w - a +1 demon whip of venom
Missiles
 e - 30 poisoned darts (quivered)
 m - 5 javelins
 G - 2 throwing nets
 R - 8 curare-tipped darts
Armour
 c - a +0 buckler (worn)
 f - a +0 pair of gloves (worn)
 j - +0 swamp dragon scales (worn)
 x - a +0 pair of boots (worn)
 D - a +0 cloak (worn)
Jewellery
 h - a +4 ring of evasion (left hand)
 k - an amulet of faith (around neck)
 A - a ring of positive energy (right hand)
Wands
 l - a wand of paralysis (3)
 v - a wand of flame (23)
 y - a wand of polymorph (6)
 z - a wand of charming (5)
 B - a wand of mindburst (2)
 F - a wand of digging (4)
 P - a wand of iceblast (4)
Scrolls
 d - 9 scrolls of teleportation
 i - 9 scrolls of identify
 r - 3 scrolls of magic mapping
 t - 5 scrolls of fog
 I - a scroll of blinking
 S - a scroll of vulnerability
Potions
 g - a potion of attraction
 p - a potion of flight
 q - 3 potions of curing
 M - a potion of haste
 Q - a potion of heal wounds


   Skills:
 + Level 11.8 Fighting
 + Level 12.0 Polearms
 - Level 5.0 Armour
 - Level 5.0 Dodging
 - Level 5.0 Shields
 + Level 5.3 Invocations
 - Level 5.0 Evocations


You had 5 spell levels left.
You knew the following spells:

 Your Spells              Type           Power      Damage    Failure   Level
a - Necrotize             Necr           0%         1d4       58%         1
b - Vampiric Draining     Necr           0%         2d6       91%         3
w - Wereblood             Tmut           0%         N/A       73%         2

Your spell library contained the following spells:

 Spells                   Type           Power      Damage    Failure   Level
 Apportation              Tloc           0%         N/A       58%         1
 Foxfire                  Conj/Fire      0%         2x1d4     58%         1
 Magic Dart               Conj           0%         1d3       58%         1
 Sting                    Tmut/Pois      0%         1d3       58%         1
 Summon Small Mammal      Summ           0%         N/A       58%         1
 Call Imp                 Summ           0%         N/A       73%         2
 Ensorcelled Hibernation  Hex/Ice        0%         N/A       73%         2
 Poisonous Vapours        Pois/Air       0%         N/A       73%         2
 Static Discharge         Conj/Air       0%         N/A       73%         2
 Sublimation of Blood     Necr           0%         N/A       73%         2
 Conjure Flame            Conj/Fire      0%         6-21      91%         3
 Gell's Gravitas          Tloc           0%         N/A       91%         3
 Inner Flame              Hex/Fire       0%         N/A       91%         3
 Lesser Beckoning         Tloc           0%         N/A       91%         3
 Mephitic Cloud           Conj/Pois/Air  0%         N/A       91%         3
 Spider Form              Tmut/Pois      0%         N/A       91%         3
 Stone Arrow              Conj/Erth      0%         3d7       91%         3
 Teleport Other           Tloc           0%         N/A       91%         3
 Anguish                  Hex/Necr       0%         N/A       100%        4
 Animate Armour           Summ/Erth      0%         N/A       100%        4
 Flame Wave               Conj/Fire      0%         2d4       100%        4
 Leda's Liquefaction      Hex/Erth       0%         N/A       100%        4
 Olgreb's Toxic Radiance  Pois           0%         N/A       100%        4
 Agony                    Necr           0%         N/A       100%        5
 Lee's Rapid Deconstruct  Erth           0%         3d5*      100%        5
 Lightning Bolt           Conj/Air       0%         1d11      100%        5
 Statue Form              Tmut/Erth      0%         N/A       100%        6
 Summon Hydra             Summ           0%         N/A       100%        7
 Lehudib's Crystal Spear  Conj/Erth      0%         10d2      100%        8
 Maxwell's Capacitive Co  Air            0%         ∞         100%        8


Dungeon Overview and Level Annotations

Branches:
Dungeon (10/15)            Temple (1/1) D:6            Lair (2/6) D:9
  Swamp: Lair:2-4    Shoals: Lair:2-4     Snake: Lair:2-4    Spider: Lair:2-4
    Orc: D:9-12

Altars:
Ashenzari
Cheibriados
Dithmenos
Elyvilon
Fedhas
Gozag
Hepliaklqana
Kikubaaqudgha
Makhleb
Nemelex Xobeh
Okawaru
Qazlal
Ru
Sif Muna
Trog
Uskayaw
Vehumet
Wu Jian
Xom
Yredelemnul
Zin
The Shining One

Shops:
D:3 ?*!(   D:4 !

Annotations:
D:7 3 runed translucent doors, jimonade's ghost, novice DjWz


Innate Abilities, Weirdness & Mutations

You have a pair of small horns on your head.
You sometimes gain power by taking damage.
You are partially covered in sharp spines.
You are mostly covered in razor-sharp scales. (AC +2, Slay +2)


Message History

The steam dragon breathes steam at you.
The ball of steam hits your black bear zombie!
Your black bear zombie is destroyed!
The ball of steam hits you!
* * * LOW HITPOINT WARNING * * *
You focus on the pain.
You feel agile all of a sudden.
Reach: a) +1 trident
Press: ? - help, Dir - move target, f/p - steam dragon
Aim: a steam dragon (poison gas, almost dead, very poisoned, catching its breath, about 30% to evade your +1 trident)
Okay, then.
Unknown command.
You puncture the rime drake! Your headbutt misses the rime drake.
The rime drake is severely wounded.
You are engulfed in a cloud of scalding steam.
The steam dragon is engulfed in poison gas.
The steam dragon looks as sick as possible!
You kill the steam dragon!
You puncture the rime drake!
The rime drake is almost dead.
You are engulfed in a cloud of scalding steam.
You kill the steam dragon!
The dead are flying!
The rime drake is struck by your spines.
The rime drake completely misses you.
The rime drake is engulfed in poison gas.
The rime drake looks even sicker.
The rime drake is struck by your spines.
The rime drake bites you.
* * * LOW HITPOINT WARNING * * *
Your Polearms skill increases to level 12!
You puncture the rime drake!
You kill the rime drake!
You are engulfed in a cloud of scalding steam.
The rime drake is engulfed in poison gas.
The rime drake looks even sicker.
The rime drake breathes ice at you. The flash freeze hits you!!
You die...
Your body rises from the dead as a mindless zombie.

..k..ZZD..................# #.
................☼§§.......##..
.!....§.........§○...........+
#.....§§.......☼§.#...........
....?.§§○.###.#§#P#...........
#.#.##§#§.#####§####○..####### #
##.#.#P§☼○§Z###§○§#○§☼..P#
.##......§§○§.kkP§☼§○§☼§...####
............Z.D.@§§☼§○☼☼..##..###
............D#§#§###§§☼☼.........
.D...#####...##### #.####.######.
...D# #§.## #.. ### #. ....#
##§P# #. ## ....# #..## #.
....#######D# ##P .....P#.#.D.#
.#P. ............# ....


You could see 2 rime drakes, 2 steam dragons and 2 friendly steam dragon
zombies.

Vanquished Creatures
  Harold (D:8)
  Erolcha (D:9)
  A hydra (Lair:2)
  3 two-headed ogres
  Amaemon (D:8)
  Joseph (D:9)
  An orange demon (D:8)
  3 komodo dragons (Lair:1)
  Maggie (D:9)
  4 rime drakes
  A hornet (D:8)
  2 trolls
  3 blink frogs (Lair:1)
  A wyvern (D:9)
  15 yaks
  7 steam dragons
  4 vampire mosquitoes (D:7)
  4 water moccasins
  An acid dragon (D:9)
  2 orc warriors
  2 sky beasts (D:8)
  An ice beast (D:8)
  An ogre (D:5)
  A black bear (Lair:2)
  A wolf (Lair:1)
  6 bullfrogs
  A kobold brigand (D:9)
  A gnoll sergeant (D:7)
  A necrophage (D:8)
  4 scorpions
  3 howler monkeys (D:8)
  A hound (D:5)
  2 gnoll shamans (D:9)
  2 jellies (D:6)
  2 iguanas (D:4)
  12 orc wizards
  Ijyb (D:4)
  11 gnolls
  8 adders
  2 ufetubi
  2 worms
  23 orcs
  10 endoplasms
  4 giant cockroaches
  3 goblins
  2 hobgoblins (D:1)
  3 jackals (D:1)
  4 quokkas
  5 ball pythons
  6 bats
  8 frilled lizards
  14 kobolds
  4 rats
  A spectral kobold (D:2)
209 creatures vanquished.

Vanquished Creatures (collateral kills)
  A hydra (Lair:2)
  2 rime drakes
  A hornet (D:10)
  2 blink frogs (Lair:1)
  5 yaks
  A basilisk (Lair:1)
  2 steam dragons (Lair:2)
  2 water moccasins (Lair:1)
  2 wolves (Lair:1)
  A bullfrog (Lair:2)
  A gnoll sergeant (D:10)
  3 howler monkeys (D:10)
  4 gnolls
27 creatures vanquished.

Vanquished Creatures (others)
  2 hydra zombies (Lair:2)
  A water moccasin (Lair:2)
  3 blink frog zombies (Lair:1)
  A hornet zombie (D:10)
  3 water moccasin zombies
  A troll zombie (D:10)
  4 yak zombies
  A wolf zombie (Lair:1)
  A black bear zombie (Lair:2)
  A howler monkey zombie (D:10)
  2 steam dragon zombies (Lair:2)
  An orc (D:7)
  A gnoll zombie (D:9)
  7 fungi
  10 plants
39 creatures vanquished.

Grand Total: 275 creatures vanquished

Notes
Turn   | Place    | Note
-------+----------+-------------------------------------------
     0 | D:1      | porpoise the Demonspawn Fighter began the quest for the
                  | Orb.
     0 | D:1      | Reached XP level 1. HP: 18/18 MP: 1/1
   119 | D:1      | Reached skill level 2 in Polearms
   466 | D:1      | Gained mutation: You are partially covered in razor-sharp
                  | scales. (AC +1, Slay +1) [demonic ancestry]
   466 | D:1      | Reached XP level 2. HP: 24/24 MP: 2/2
   936 | D:1      | Upgraded the game from 0.29-a0-557-g43b9904bd1 to
                  | 0.29-a0-559-g359e09b9d1
   944 | D:1      | Gained mutation: You are mostly covered in razor-sharp
                  | scales. (AC +2, Slay +2) [demonic ancestry]
   944 | D:1      | Reached XP level 3. HP: 29/29 MP: 3/3
  1173 | D:2      | Reached skill level 3 in Polearms
  1488 | D:2      | Learned a level 1 spell: Necrotize
  1621 | D:2      | Found a faded altar of an unknown god.
  1978 | D:3      | Found Uren's Distillery.
  1982 | D:3      | Gained mutation: You sometimes gain a little power by
                  | taking damage. [demonic ancestry]
  1982 | D:3      | Reached XP level 4. HP: 37/37 MP: 4/4
  2042 | D:3      | Bought a potion of heal wounds for 60 gold pieces
  2042 | D:3      | Bought a potion of curing for 36 gold pieces
  2044 | D:3      | Found Xoet Cee's Weapon Emporium.
  2276 | D:3      | Found a burning altar of Makhleb.
  2276 | D:3      | Noticed a cacodemon
  2281 | D:3      | Noticed a hellwing
  2281 | D:3      | Noticed a ynoxinul
  2288 | D:3      | Noticed a scorpion
  2298 | D:3      | Killed a scorpion
  2299 | D:3      | Reached skill level 4 in Polearms
  2299 | D:3      | Reached XP level 5. HP: 36/42 MP: 5/5
  2359 | D:3      | Found Peraets's Magic Scroll Emporium.
  2502 | D:3      | Found Geux's Assorted Antiques.
  2624 | D:3      | Found a shimmering blue altar of Sif Muna.
  2733 | D:3      | Found a bloodstained altar of Trog.
  3201 | D:4      | You fall into a shaft and drop 3 floors!
  3205 | D:7      | Noticed an orc warrior
  3234 | D:5      | Entered Level 5 of the Dungeon
  3247 | D:5      | Reached skill level 5 in Polearms
  3247 | D:5      | Gained mutation: You are partially covered in sharp spines.
                  | [demonic ancestry]
  3247 | D:5      | Reached XP level 6. HP: 8/49 MP: 6/6
  4026 | D:4      | Found a shimmering altar of Xom.
  4027 | D:4      | Found an ancient bone altar of Kikubaaqudgha.
  4071 | D:4      | Found Duadug's Distillery.
  4076 | D:4      | Noticed Ijyb
  4086 | D:4      | Killed Ijyb
  4087 | D:4      | Reached skill level 5 in Fighting
  4306 | D:3      | Bought a scroll labelled ERERGH NEKAJOL for 20 gold pieces
  4306 | D:3      | Bought a blackened ruby ring for 100 gold pieces
  4857 | D:5      | Found a shadowy altar of Dithmenos.
  5021 | D:5      | Reached XP level 7. HP: 45/56 MP: 7/7
  5366 | D:5      | Reached skill level 6 in Polearms
  5626 | D:5      | Found an opulent altar of Gozag.
  6320 | D:6      | Learned a level 3 spell: Vampiric Draining
  6677 | D:6      | Found a staircase to the Ecumenical Temple.
  6684 | Temple   | Entered the Ecumenical Temple
  6953 | D:6      | Found a hide-covered altar of Uskayaw.
  7150 | D:7      | Gained mutation: You sometimes gain power by taking damage.
                  | [demonic ancestry]
  7150 | D:7      | Reached XP level 8. HP: 51/65 MP: 8/8
  7334 | D:7      | Reached skill level 5 in Armour
  7644 | D:7      | Reached skill level 1 in Dodging
  7644 | D:7      | Reached skill level 1 in Evocations
  8356 | D:7      | Reached XP level 9. HP: 72/72 MP: 9/9
  8401 | D:7      | Found a runed translucent gate.
  8402 | D:7      | Found a runed translucent gate.
  8402 | D:7      | Found a runed translucent gate.
  8404 | D:7      | Noticed jimonade's ghost (novice DjWz)
  8404 | D:7      | Noticed a spectral unseen horror
  8853 | D:3      | Bought a scroll of blinking for 82 gold pieces
  8853 | D:3      | Bought a scroll of blinking for 82 gold pieces
  8888 | D:4      | Bought a potion of curing for 36 gold pieces
  9155 | D:8      | Reached skill level 5 in Evocations
  9165 | D:8      | Noticed a troll
  9176 | D:8      | Killed a troll
  9337 | D:8      | Reached skill level 5 in Dodging
  9649 | D:8      | Noticed Amaemon
  9649 | D:8      | Noticed an orange demon
  9663 | D:8      | Killed Amaemon
  9664 | D:8      | Reached skill level 5 in Shields
  9678 | D:8      | Killed an orange demon
 10119 | D:8      | Gained mutation: You have a pair of small horns on your
                  | head. [demonic ancestry]
 10119 | D:8      | Reached XP level 10. HP: 81/81 MP: 10/10
 10175 | D:8      | Found a broken altar of Ashenzari.
 10234 | D:8      | Found a blossoming altar of Fedhas.
 10461 | D:9      | Noticed Maggie
 10479 | D:9      | Killed Maggie
 10678 | D:9      | Noticed Joseph
 10683 | D:9      | Noticed a two-headed ogre
 10695 | D:9      | Killed Joseph
 10696 | D:9      | Reached skill level 7 in Polearms
 11115 | D:9      | Killed a two-headed ogre
 11449 | D:9      | Noticed Harold
 11459 | D:9      | Reached skill level 8 in Polearms
 11744 | D:8      | Killed Harold
 11745 | D:8      | Reached skill level 9 in Polearms
 12278 | D:9      | Found a staircase to the Lair.
 12291 | D:9      | Found a basalt altar of Yredelemnul.
 12300 | D:9      | Became a worshipper of Yredelemnul the Dark
 12305 | D:9      | Noticed Erolcha
 12331 | D:9      | Killed Erolcha
 12332 | D:9      | Reached XP level 11. HP: 66/90 MP: 11/11
 12503 | D:9      | Noticed a two-headed ogre
 12506 | D:9      | Reached * piety under Yredelemnul
 12515 | D:9      | Killed a two-headed ogre
 12515 | D:9      | Reached ** piety under Yredelemnul
 12516 | D:9      | Reached skill level 10 in Fighting
 12902 | D:10     | Entered Level 10 of the Dungeon
 13142 | D:10     | Reached skill level 10 in Polearms
 13155 | D:10     | Noticed a two-headed ogre
 13163 | D:10     | Killed a two-headed ogre
 13163 | D:10     | Reached *** piety under Yredelemnul
 13234 | D:10     | Found a sacrificial altar of Ru.
 13437 | D:10     | Reached **** piety under Yredelemnul
 13766 | Lair:1   | Entered Level 1 of the Lair of Beasts
 13806 | Lair:1   | Reached skill level 11 in Polearms
 13935 | Lair:1   | Learned a level 2 spell: Wereblood
 14014 | Lair:1   | Reached skill level 1 in Invocations
 14161 | Lair:1   | Reached ***** piety under Yredelemnul
 15350 | D:4      | Bought 2 potions of heal wounds for 120 gold pieces
 15592 | Lair:2   | Noticed an eight-headed hydra
 15602 | Lair:2   | Killed an eight-headed hydra
 15603 | Lair:2   | Reached XP level 12. HP: 69/100 MP: 14/14
 15722 | Lair:2   | Upgraded the game from 0.29-a0-559-g359e09b9d1 to
                  | 0.29-a0-563-g64e4043184
 15739 | Lair:2   | Noticed a five-headed hydra
 15751 | Lair:2   | Killed a five-headed hydra
 15790 | Lair:2   | Reached skill level 5 in Invocations
 15795 | Lair:2   | Reached skill level 12 in Polearms
 15795 | Lair:2   | Killed from afar by a rime drake

Illustrated notes

Levels and vault maps discovered:
D:1:      minmay_arrival_up_and_down, layout_rooms, st_stairs_14,
          minmay_lizard_pond
D:2:      layout_loops_ring, dreamdust_ecumenical_altar_drowned_temple
D:3:      layout_loops_cross, makhleb_altar_promises_db,
          trog_three_pillars_becter, led_sif_pool, serial_shops,
          nicolae_shop_advertising_works [nicolae_subvault_shop_adworks],
          nicolae_lakefront_shop, nicolae_shop_bloodbath_and_beyond,
          nicolae_shop_statue_plus, nicolae_concentric_dashed_squares_mild
D:4:      minmay_wonky_spiral, layout_loops_ring,
          mainiacjoe_overflow_divided_tiny, minmay_shop_grid_forest,
          hangedman_decor_riveting, nicolae_zen_rock_garden, uniq_ijyb
D:5:      layout_gridville, nicolae_dithmenos_the_darkroom, lemuel_round_altar,
          minmay_a_box_with_orc_wizards_in_it
D:6:      layout_loops_ring, nicolae_uskayaw_suspiria,
          minmay_temple_entry_overgrown, small_statue_intersection,
          chequers_serial_rivers_micro_a
D:7:      layout_loops_cross, gammafunk_ghost_necromancy
D:8:      layout_gridville, ashenzari_conservatory_becter, zin_academy,
          lemuel_tele_altar, minmay_misc_feat_plants, chequers_arboretum,
          uniq_amaemon
D:9:      layout_long_grid, mainiacjoe_overflow_paths, lair_entry_dummy,
          uniq_maggie, uniq_joseph, uniq_erolcha, uniq_harold
D:10:     layout_roguey, nicolae_overflow_hidden_temple
Temple:   jpeg_temple_island
Lair:1:   layout_regular_city
Lair:2:   layout_small_grid, minmay_snake_entry_six_corridors,
          bobbens_dragon_lair_wall, grunt_megastairs_1

Skill      XL: |  1  2  3  4  5  6  7  8  9 10 11 12 |
---------------+-------------------------------------+-----
Polearms       | 2 3 4 5 6 9 11 12 | 12.0
Fighting       | 4 5 6 7 8 9 11 | 11.8
Armour         | 4 5 |  5.0
Dodging        | 3 5 |  5.0
Evocations     | 4 5 |  5.0
Shields        | 5 |  5.0
Invocations    | 3 5 |  5.3

Action                   |  1- 3 |  4- 6 |  7- 9 | 10-12 || total
-------------------------+-------+-------+-------+-------++-------
Melee: Trident           |   153 |   128 |   232 |   299 ||   812
       Headbutt          |       |       |       |    48 ||    48
 Fire: Hunting sling     |     5 |    36 |    50 |    25 ||   116
Throw: Dart              |       |       |     5 |     9 ||    14
Invok: Dark Bargain      |       |       |       |     2 ||     2
       Recall Undead Har |       |       |       |     1 ||     1
Evoke: Wand              |       |       |     7 |     4 ||    11
  Use: Potion            |     1 |     1 |     4 |     5 ||    11
       Scroll            |     3 |     5 |     8 |     6 ||    22
 Stab: Sleeping          |       |     1 |       |       ||     1
       Distracted        |       |       |       |     2 ||     2
Armor: Scale mail        |    59 |    12 |       |       ||    71
       Leather armour    |       |    13 |    65 |     3 ||    81
       Swamp dragon scal |       |       |       |    36 ||    36
Dodge: Dodged            |    70 |    72 |   160 |   142 ||   444
Block: Buckler           |    27 |    19 |    43 |    35 ||   124

Table legend: (Time is in decaauts)
 A = Elapsed time spent in this place.
 B = Non-inter-level travel time spent in this place.
 C = Inter-level travel time spent in this place.
 D = Time resting spent in this place.
 E = Time spent auto-exploring this place.
 F = Levels seen in this place.
 G = Mean time per level.
                   A        B        C        D        E       F      G
               +--------+--------+--------+--------+--------+-----+--------+
         Total |  15871 |  14812 |   1059 |   5991 |   6397 |  13 | 1220.8 |
       Dungeon |  13847 |  12878 |    969 |   5430 |   5364 |  10 | 1384.7 |
        Temple |    255 |    248 |      7 |      0 |    243 |   1 |  255.0 |
          Lair |   1768 |   1686 |     82 |    561 |    789 |   2 |  884.0 |
               +--------+--------+--------+--------+--------+-----+--------+

Top non-repeatable levels by time:
     D:8: 2405 daAuts
     D:9: 1758 daAuts
     D:5: 1684 daAuts
  Lair:1: 1465 daAuts
     D:4: 1419 daAuts
     D:6: 1297 daAuts
     D:7: 1263 daAuts
     D:3: 1262 daAuts
     D:1: 1173 daAuts
    D:10: 840 daAuts
     D:2: 741 daAuts
  Lair:2: 302 daAuts
  Temple: 255 daAuts
